 Dungeon Crawl Stone Soup version 0.26.1-11-gd32895ea62 (webtiles) character file.

Game seed: 4373883457092752990

63 KamiKatze the Conjurer (level 3, -5/26 HPs)
             Began as a Draconian Conjurer on June 2, 2021.
             Slain by Sigmund
             ... wielding a +0 scythe
              (14 damage)
             ... on level 2 of the Dungeon.
             The game lasted 00:06:17 (1580 turns).

KamiKatze the Conjurer (Draconian Conjurer)         Turns: 1580, Time: 00:06:18

Health: -5/26      AC:  5    Str:  9    XL:     3   Next: 89%
Magic:  0/7        EV: 12    Int: 19    God:
Gold:   53         SH:  0    Dex:  9    Spells: 5/8 levels left

rFire    . . .     SeeInvis .   b - +0 dagger
rCold    . . .     Faith    .   (no shield)
rNeg     . . .     Spirit   .   (armour unavailable)
rPois    .         Reflect  .   (helmet restricted)
rElec    .         Harm     .   (no cloak)
rCorr    .         Rampage  .   (no gloves)
Will     .....                  (no boots)
Stlth    +.........             (no amulet)
HPRegen  0.08/turn              (no ring)
MPRegen  0.10/turn              (no ring)

@: confused, brilliant
A: unfitting armour, cold-blooded, AC +5
a: no special abilities


You were on level 2 of the Dungeon.
You visited 1 branch of the dungeon, and saw 2 of its levels.

You collected 53 gold pieces.

Inventory:

Hand Weapons
 b - a +0 dagger (weapon)
Missiles
 e - a stone
Scrolls
 c - a scroll of identify {unknown}
 d - 4 scrolls of teleportation {unknown}
 f - a scroll of fear {unknown}
 g - a scroll of fog {unknown}
 h - a scroll of random uselessness {unknown}
Potions
 a - a potion of brilliance


   Skills:
 - Level 2.0 Dodging
 - Level 2.0 Stealth
 * Level 3.0 Spellcasting
 * Level 4.7 Conjurations


You had 5 spell levels left.
You knew the following spells:

 Your Spells              Type           Power        Failure   Level
a - Magic Dart            Conj           100%         2%          1
b - Searing Ray           Conj           62%          3%          2

Your spell library contained the following spells:

 Spells                   Type           Power        Failure   Level
 Dazzling Flash           Conj/Hex       34%          17%         3
 Fulminant Prism          Conj/Hex       8%           50%         4
 Iskenderun's Mystic Bla  Conj/Tloc      17%          50%         4


Dungeon Overview and Level Annotations

Branches:
Dungeon (2/15)

Altars:

Annotations:
D:2 Sigmund


Innate Abilities, Weirdness & Mutations

Your plain brown scales are hard. (AC +5)
You cannot fit into any form of body armour.
You are cold-blooded and may be slowed by cold attacks.


Message History

Unknown command.
Casting: Searing Ray (safe; 3% risk of failure)
Confirm with . or Enter, or press ? or * to list all spells.
You can't see any susceptible monsters within range! (Use Z to cast anyway.) Unknown command.
It was a potion of brilliance.
You feel clever all of a sudden.
Casting: Searing Ray (safe; 3% risk of failure)
Confirm with . or Enter, or press ? or * to list all spells.
Aiming: Magic Dart (safe; 2% risk of failure)
Press: ? - help, Shift-Dir - straight line You feel a surge of power!
The magic dart hits something.
Something hits you.
* * * LOW HITPOINT WARNING * * *
Unknown command.
You hit something but do no damage.
You hear some strange, mumbled words.
You are confused.
Something hits you!
Ouch! That really hurt!
You die...

#.#...............##
........#.######...#
#.#.....#.#........#
#.##...##.#.####...#
...##.###.#.# ##.###.###
......# #...# #...=....
...#### ###.# #.###.###
## #.## #.#####$# ..
...#### #...{.@.# #.
......#######.........#
#.
#.......................
.
>)###.#######...#.##..##
####### ### #.# ##.##..
.... ....... #.# #.##...
### # #.# ######.##....
# #.###............. #
#.....#.######.# #


There were no monsters in sight!

Vanquished Creatures
  Natasha (D:2)
  An adder (D:2)
  A worm (D:2)
  A leopard gecko (D:1)
  A giant cockroach (D:1)
  4 goblins
  2 hobgoblins
  3 jackals (D:1)
  A ball python (D:1)
  2 bats (D:1)
  A frilled lizard (D:1)
  4 kobolds
  8 rats
30 creatures vanquished.

Notes
Turn   | Place    | Note
-------+----------+-------------------------------------------
     0 | D:1      | KamiKatze the Draconian Conjurer began the quest for the
                  | Orb.
     0 | D:1      | Reached XP level 1. HP: 14/14 MP: 3/3
   272 | D:1      | Reached XP level 2. HP: 11/20 MP: 3/5
   298 | D:1      | Learned a level 2 spell: Searing Ray
  1075 | D:2      | Reached XP level 3. HP: 26/26 MP: 3/6
  1212 | D:2      | Noticed Sigmund
  1387 | D:2      | Noticed Natasha
  1391 | D:2      | Killed Natasha
  1580 | D:2      | Slain by Sigmund

Illustrated notes

Levels and vault maps discovered:
D:1:      psy_arrival_fountain, layout_basic, st_stairs_11,
          hangedman_decor_growths
D:2:      layout_loops_ring, uniq_natasha, uniq_terence, uniq_sigmund

Skill      XL: |  1  2  3 |
---------------+----------+-----
Stealth        | 2 |  2.0
Dodging        | 2 |  2.0
Spellcasting   | 3 |  3.0
Conjurations   | |  4.7

Action                   || total
-------------------------++-------
Melee: Short sword       ||    18
       Unarmed           ||    11
       Tailslap          ||     3
       Dagger            ||    11
 Cast: Magic Dart        ||    43
       Searing Ray       ||     6
  Use: Potion            ||     1
 Stab: Sleeping          ||     1
Armor: Skin              ||    22
Dodge: Dodged            ||    44
